 Dungeon Crawl Stone Soup version 0.29.1-2-gbd0b4ee654 (webtiles) character file.

Game seed: 5121152586496950287

34699 Icepheonix32 the Tortoise (level 13, -8/114 HPs)
             Began as a Minotaur Fighter on Oct 26, 2022.
             Was the Champion of Okawaru.
             Mangled by a deep troll earth mage (13 damage)
             ... on level 14 of the Dungeon.
             The game lasted 00:31:29 (18352 turns).

Icepheonix32 the Tortoise (Minotaur Fighter)       Turns: 18352, Time: 00:31:29

Health: -8/114     AC: 30    Str: 30    XL:     13   Next: 43%
Magic:  17/17      EV: 10    Int:  7    God:    Okawaru [******]
Gold:   393        SH: 12    Dex: 15    Spells: 12/12 levels left

rFire   + + .      SeeInvis .   s - +7 spear (vamp)
rCold   + . .      Faith    +   e - +0 kite shield "Biobiuts" {rElec Will+ Dex+3}
rNeg    . . .      Spirit   .   I - +10 plate armour of Inference {rC+ Str+2}
rPois   +          Reflect  .   a - +0 hat
rElec   +          Harm     .   S - scarf {repulsion}
rCorr   .          Rampage  .   k - +0 pair of gloves
Will    +....                   N - +0 pair of boots
Stlth   ..........              T - amulet of faith
HPRegen 0.29/turn               p - ring of protection from fire
MPRegen 0.15/turn               t - +6 ring of strength

@: about to teleport, repel missiles
A: horns 2, retaliatory headbutt, fire resistance 1, sense surroundings 1,
poison resistance
a: Renounce Religion, Heroism, Finesse, Duel


You were on level 14 of the Dungeon.
You worshipped Okawaru.
Okawaru was exalted by your worship.
You visited 2 branches of the dungeon, and saw 15 of its levels.

You collected 897 gold pieces.
You spent 504 gold pieces at shops.

Inventory:

Hand Weapons
 b - a +1 vampiric demon trident
 d - a +1 mace of protection
 l - a +1 war axe of flaming
 s - a +7 vampiric spear (weapon)
 v - a +1 whip of holy wrath
 x - a +4 mace
 y - a +4 hand axe
 L - a +3 morningstar
 Z - the +2 eveningstar of Diet Blood {drain, Will- MP+9 Int+6 Stlth+}
   (Okawaru gifted it to you on level 14 of the Dungeon)

   A truly terrible weapon, it drains the life of any living foe it strikes.
   Int:       It affects your intelligence (+6).
   MP:        It affects your magic capacity (+9).
   Will:      It decreases your willpower.
   Stlth:     It makes you more stealthy.
Missiles
 m - 4 silver javelins
 G - 11 throwing nets (quivered)
 U - 8 boomerangs
Armour
 a - a +0 hat (worn)
 c - +0 acid dragon scales
 e - the +0 kite shield "Biobiuts" (worn) {rElec Will+ Dex+3}
   (You acquired it on level 3 of the Dungeon)

   Dex:       It affects your dexterity (+3).
   rElec:     It insulates you from electricity.
   Will:      It increases your willpower.
 k - a +0 pair of gloves (worn)
 u - a +1 cloak
 D - an orb of light
 I - the +10 plate armour of Inference (worn) {rC+ Str+2}
   (You found it on level 7 of the Dungeon)

   Str:       It affects your strength (+2).
   rC:        It protects you from cold.
 N - a +0 pair of boots (worn)
 S - a scarf of repulsion (worn)
 W - a +4 scale mail of willpower
Magical Staves
 F - a staff of fire
Jewellery
 p - a ring of protection from fire (left hand)
 t - a +6 ring of strength (right hand)
 B - a ring of protection from cold
 T - an amulet of faith (around neck)
 Y - a +6 ring of strength
Wands
 i - a wand of digging (5)
 q - a wand of flame (13)
 X - a wand of mindburst (9)
Scrolls
 g - a scroll of fear
 h - a scroll of magic mapping
 r - a scroll of poison
 w - a scroll of teleportation
 z - 4 scrolls of identify
 A - 3 scrolls of amnesia
 E - a scroll of silence
 H - a scroll of torment
 J - a scroll of blinking
 Q - 2 scrolls of immolation
Potions
 f - a potion of lignification {unknown}
 j - a potion of might
 n - a potion of haste
 o - 3 potions of flight
 C - 4 potions of curing
 K - 2 potions of berserk rage
 O - 3 potions of heal wounds
 P - 4 potions of attraction
 R - a potion of invisibility
 V - a potion of ambrosia
Miscellaneous
 M - a condenser vane


   Skills:
 + Level 10.3 Fighting
 + Level 3.3(8.8) Axes
 + Level 7.2(7.6) Maces & Flails
 + Level 10.4(10.6) Polearms
 + Level 0.6 Throwing
 + Level 15.3 Armour
 + Level 6.9 Dodging
 + Level 3.6 Stealth
 + Level 12.0 Shields
 * Level 7.5 Invocations
 + Level 0.3 Evocations


You had 12 spell levels left.
You didn't know any spells.
Your spell library contained the following spells:

 Spells                   Type           Power      Damage    Failure   Level
 Blink                    Tloc           0%         N/A       100%        2
 Poisonous Vapours        Pois/Air       0%         N/A       100%        2
 Confusing Touch          Hex            0%         N/A       100%        3
 Lesser Beckoning         Tloc           0%         N/A       100%        3
 Corpse Rot               Necr/Pois/Air  0%         N/A       100%        4
 Passage of Golubria      Tloc           0%         N/A       100%        4
 Manifold Assault         Tloc           0%         N/A       100%        5
 Silence                  Hex/Air        0%         N/A       100%        5
 Yara's Violent Unravell  Hex/Tmut       0%         3d3       100%        5
 Enfeeble                 Hex            0%         N/A       100%        7
 Lehudib's Crystal Spear  Conj/Erth      0%         10d2      100%        8


Dungeon Overview and Level Annotations

Branches:
Dungeon (14/15)            Temple (1/1) D:4            Lair (0/5) D:8
    Orc (0/2) D:10
 Vaults: D:13-14

Altars:
Ashenzari
Cheibriados
Dithmenos
Elyvilon
Fedhas
Gozag
Hepliaklqana
Kikubaaqudgha
Makhleb
Nemelex Xobeh
Okawaru
Qazlal
Ru
Sif Muna
Trog
Uskayaw
Vehumet
Wu Jian
Xom
Yredelemnul
Zin
The Shining One

Shops:
D:9 *   D:13 =

Annotations:
D:6 2 runed translucent doors


Innate Abilities, Weirdness & Mutations

You have a pair of horns on your head.
You reflexively headbutt those who attack you in melee.
Your flesh is heat resistant. (rF+)
You passively map a small area around you.
Your system is resistant to poisons. (rPois)


Message History

You hit the phantasmal warrior but do no damage.
Your headbutt misses the phantasmal warrior.
The phantasmal warrior is heavily damaged.
You closely miss the phantasmal warrior.
You headbutt the phantasmal warrior, but do no damage.
The phantasmal warrior is heavily damaged.
The phantasmal warrior hits you!
The deep troll earth mage bites you but does no damage.
The deep troll earth mage claws you!
* * * LOW HITPOINT WARNING * * *
You block the deep troll earth mage's attack.
You barely miss the phantasmal warrior.
The phantasmal warrior is heavily damaged.
You block the phantasmal warrior's attack.
You block the deep troll earth mage's attack.
The deep troll earth mage claws you but does no damage. x2
As you read the scroll of teleportation, it crumbles to dust.
You feel strangely unstable.
You block the deep troll earth mage's attack.
The deep troll earth mage claws you but does no damage. x2
The phantasmal warrior hits you!
* * * LOW HITPOINT WARNING * * *
The deep troll earth mage bites you but does no damage.
The deep troll earth mage claws you but does no damage.
The deep troll earth mage barely misses you.
You hit the phantasmal warrior.
You headbutt the phantasmal warrior, but do no damage.
The phantasmal warrior is severely damaged.
Unknown command.
You hit the phantasmal warrior.
Your headbutt misses the phantasmal warrior.
The phantasmal warrior is severely damaged.
The deep troll earth mage bites you.
* * * LOW HITPOINT WARNING * * *
You block the deep troll earth mage's attack.
The deep troll earth mage barely misses you.
The phantasmal warrior hits you!
* * * LOW HITPOINT WARNING * * *
The deep troll earth mage bites you!
You die...

..# * * ..# ,, , ..# * , **###
#.# * , * #.# * * * #.#####
######### #....)# , #...#...#
#####.# #...TT..# #.# * ,*
,#@..### #.# #(# , * #W..#.##
#.# #.# * * #..##..# #.### #.# *
* ###..#...# ##...## #.# , ,
##.#..#...####..#..# #.####,
,,##..'.##...#........# #....# ,
#.).#.##.#.#.#.#.#..#
....#########'#####.#.#.....†)##
#.#.##.........# #.#.#.#.#.#.#


You could see a phantasmal warrior and 2 deep troll earth magi.

Vanquished Creatures
  A fire giant (D:14)
  Louise (D:14)
  A very ugly thing (D:14)
  Azrael (D:13)
  5 boulder beetles
  2 hydras
  6 centaur warriors
  3 two-headed ogres
  A tengu warrior (D:14)
  Urug (D:10)
  Nergalle (D:11)
  A fire crab (shapeshifter) (D:14)
  A deep troll (D:14)
  A deep elf pyromancer (D:12)
  A cyclops (D:13)
  An ugly thing (D:12)
  A gargoyle (D:6)
  2 cane toads (shapeshifter) (D:14)
  A komodo dragon (shapeshifter) (D:14)
  A kobold demonologist (D:13)
  An unseen horror (D:10)
  A tengu conjurer (D:14)
  2 yaktaurs (D:14)
  A queen bee (shapeshifter) (D:14)
  3 trolls
  3 hornets
  3 slime creatures (D:14)
  Prince Ribbit (D:7)
  A shadow (D:9)
  Sigmund (D:5)
  A basilisk (D:14)
  3 wraiths
  22 yaks
  3 fire elementals (D:13)
  12 vampire mosquitoes
  4 steam dragons
  Menkaure (D:5)
  2 hell hounds (D:13)
  4 acid dragons
  A sky beast (D:7)
  4 orc warriors
  3 ice beasts
  2 black bears
  5 ogres
  2 wolves
  2 phantoms
  4 boggarts (D:14)
  10 centaurs
  2 kobold brigands (D:8)
  4 gnoll sergeants
  5 scorpions
  16 wights
  11 howler monkeys
  13 hounds
  A gnoll bouda (D:10)
  2 jellies (D:6)
  9 orc priests
  An iguana (D:4)
  Terence (D:2)
  8 orc wizards
  29 gnolls
  9 adders
  2 shadow imps
  A white imp (D:6)
  2 ufetubi
  5 worms
  5 dart slugs
  26 orcs
  6 ball pythons
  4 bats
  4 endoplasms
  3 giant cockroaches
  8 goblins
  3 hobgoblins
  7 jackals
  16 kobolds
  6 quokkas
  2 frilled lizards (D:2)
  4 rats
350 creatures vanquished.

Vanquished Creatures (others)
  An unseen horror (D:12)
  2 fungi (D:1)
  3 plants (D:2)
6 creatures vanquished.

Grand Total: 356 creatures vanquished

Notes
Turn   | Place    | Note
-------+----------+-------------------------------------------
     0 | D:1      | Icepheonix32 the Minotaur Fighter began the quest for the
                  | Orb.
     0 | D:1      | Reached XP level 1. HP: 19/19 MP: 0/0
   130 | D:1      | Reached XP level 2. HP: 23/27 MP: 1/1
   222 | D:1      | You fall into a shaft and drop 1 floor!
   351 | D:2      | Reached skill level 4 in Armour
   351 | D:2      | Reached XP level 3. HP: 29/34 MP: 2/2
   486 | D:2      | Identified the +1 robe of Unambiguity {Str+3}
   552 | D:2      | Noticed Terence
   565 | D:2      | Killed Terence
   566 | D:2      | Reached XP level 4. HP: 5/41 MP: 3/3
  1432 | D:3      | Reached skill level 1 in Dodging
  1560 | D:3      | Reached skill level 5 in Fighting
  1818 | D:3      | Reached skill level 1 in Maces & Flails
  1972 | D:3      | Identified a scroll of acquirement
  1972 | D:3      | Acquired the +0 kite shield "Biobiuts" {rElec Will+ Dex+3}
  2034 | D:4      | Found a staircase to the Ecumenical Temple.
  2069 | Temple   | Entered the Ecumenical Temple
  2205 | D:4      | Noticed an ogre
  2211 | D:4      | Killed an ogre
  2212 | D:4      | Reached XP level 5. HP: 48/48 MP: 4/4
  2306 | D:4      | Reached XP level 6. HP: 56/56 MP: 5/5
  2672 | D:5      | Entered Level 5 of the Dungeon
  2693 | D:5      | Noticed Sigmund
  2954 | D:5      | Noticed an ice beast
  2960 | D:5      | Killed an ice beast
  2961 | D:5      | Reached skill level 5 in Shields
  2961 | D:5      | Reached XP level 7. HP: 62/62 MP: 6/6
  2995 | D:5      | Killed Sigmund
  3180 | D:5      | Reached skill level 5 in Maces & Flails
  3228 | D:5      | Reached skill level 1 in Stealth
  3756 | D:5      | Noticed Menkaure
  3762 | D:5      | Killed Menkaure
  3763 | D:5      | Reached XP level 8. HP: 37/71 MP: 7/7
  4072 | D:6      | Found a large runed translucent door.
  4072 | D:6      | Found a large runed translucent door.
  4081 | D:6      | Found a large runed translucent door.
  4081 | D:6      | Found a large runed translucent door.
  4287 | D:6      | Noticed a gargoyle
  4317 | D:6      | Killed a gargoyle
  4318 | D:6      | Reached skill level 5 in Dodging
  4866 | D:6      | Reached XP level 9. HP: 52/73 MP: 8/8
  5466 | D:6      | Reached skill level 1 in Polearms
  5497 | D:6      | Found an opulent altar of Gozag.
  6277 | D:7      | Noticed Prince Ribbit
  6301 | D:7      | Killed Prince Ribbit
  6663 | D:7      | Identified the +10 plate armour of Inference {rC+ Str+2}
  7354 | D:8      | Found a shadowy altar of Dithmenos.
  7358 | D:8      | Found a stormy altar of Qazlal.
  7362 | D:8      | Found a hazy altar of Hepliaklqana.
  7410 | D:8      | Reached skill level 5 in Armour
  7410 | D:8      | Reached XP level 10. HP: 78/84 MP: 9/9
  7785 | D:8      | Found a staircase to the Lair.
  7911 | D:9      | Found a white marble altar of Elyvilon.
  7947 | D:9      | Paralysed by a hornet for 3 turns
  7960 | D:9      | Paralysed by a hornet for 3 turns
  8369 | D:9      | Found Hisujuri's Mass Market.
  8474 | D:9      | Reached skill level 6 in Armour
  8556 | D:9      | Reached skill level 5 in Polearms
  8776 | D:9      | Reached skill level 7 in Armour
  8967 | D:9      | Noticed a centaur warrior
  8981 | D:9      | Killed a centaur warrior
  8982 | D:9      | Reached skill level 8 in Armour
  9271 | D:9      | Reached skill level 9 in Armour
  9274 | D:9      | Found an iron altar of Okawaru.
  9284 | D:9      | Became a worshipper of Warmaster Okawaru
  9512 | D:9      | Found an ornate altar of the Wu Jian Council.
  9968 | D:6      | Reached skill level 1 in Invocations
 10120 | D:10     | Entered Level 10 of the Dungeon
 10217 | D:10     | Reached skill level 10 in Armour
 10415 | D:10     | Reached * piety under Okawaru
 11089 | D:9      | Reached XP level 11. HP: 50/95 MP: 11/11
 11307 | D:10     | Noticed Urug
 11340 | D:10     | Killed Urug
 11341 | D:10     | Reached skill level 11 in Armour
 11870 | D:10     | Found a staircase to the Orcish Mines.
 12649 | D:11     | Reached ** piety under Okawaru
 12717 | D:11     | Noticed Nergalle
 12733 | D:11     | Reached skill level 12 in Armour
 12733 | D:11     | Noticed a boulder beetle
 12734 | D:11     | Noticed a two-headed ogre
 13096 | D:11     | Noticed a spectral orc warlord
 13096 | D:11     | Killed Nergalle
 13203 | D:11     | Killed a boulder beetle
 13203 | D:11     | Reached *** piety under Okawaru
 13204 | D:11     | Reached skill level 13 in Armour
 13397 | D:11     | Killed a two-headed ogre
 13561 | D:11     | Reached **** piety under Okawaru
 13576 | D:11     | Reached skill level 14 in Armour
 14176 | D:12     | Noticed a cyan ugly thing
 14447 | D:12     | Noticed a boulder beetle
 14450 | D:12     | Killed a cyan ugly thing
 14701 | D:12     | Killed a boulder beetle
 14701 | D:12     | Reached ***** piety under Okawaru
 14861 | D:12     | Reached XP level 12. HP: 103/103 MP: 14/14
 15358 | D:12     | Noticed an eight-headed hydra
 15367 | D:12     | Killed an eight-headed hydra
 15602 | D:12     | Gained mutation: Your system is resistant to poisons.
                  | (rPois) [potion of mutation]
 15602 | D:12     | Gained mutation: You passively map a small area around you.
                  | [potion of mutation]
 15602 | D:12     | Gained mutation: Your flesh is heat resistant. (rF+)
                  | [potion of mutation]
 15692 | D:13     | Noticed a centaur warrior
 15708 | D:13     | Killed a centaur warrior
 15708 | D:13     | Received a gift from Okawaru
 15709 | D:13     | Reached skill level 10 in Shields
 15965 | D:13     | Found a white marble altar of Elyvilon.
 16073 | D:13     | Noticed Azrael
 16082 | D:13     | Reached skill level 5 in Invocations
 16126 | D:13     | Killed Azrael
 16308 | D:13     | Found Mehischi's Jewellery Shop.
 16317 | D:13     | Bought a +6 ring of strength for 504 gold pieces
 16827 | D:14     | Noticed a centaur warrior
 16842 | D:14     | Killed a centaur warrior
 16842 | D:14     | Identified the +0 ring mail of Jeotoakh {Will+ Str+4}
                  | (Okawaru gifted it to you on level 14 of the Dungeon)
 16842 | D:14     | Received a gift from Okawaru
 16863 | D:14     | Noticed a tengu warrior
 16888 | D:14     | Killed a tengu warrior
 17049 | D:14     | Noticed an eight-headed hydra
 17071 | D:14     | Noticed a boulder beetle
 17117 | D:14     | Noticed a centaur warrior
 17118 | D:14     | Noticed a two-headed ogre
 17118 | D:14     | Noticed a two-headed ogre
 17145 | D:14     | Killed a centaur warrior
 17154 | D:14     | Killed a two-headed ogre
 17154 | D:14     | Reached ****** piety under Okawaru
 17168 | D:14     | Killed a two-headed ogre
 17172 | D:14     | Reached XP level 13. HP: 113/113 MP: 16/16
 17203 | D:14     | Reached skill level 10 in Fighting
 17390 | D:14     | Reached skill level 15 in Armour
 17581 | D:14     | Noticed Louise
 17622 | D:14     | Killed Louise
 17741 | D:14     | Found a sacrificial altar of Ru.
 17824 | D:14     | Identified the +2 eveningstar of Diet Blood {drain, Will-
                  | MP+9 Int+6 Stlth+} (Okawaru gifted it to you on level 14 of
                  | the Dungeon)
 17824 | D:14     | Received a gift from Okawaru
 17855 | D:14     | Reached skill level 10 in Polearms
 18058 | D:14     | Noticed a cyan very ugly thing
 18082 | D:14     | Killed a cyan very ugly thing
 18320 | D:14     | Noticed a fire giant
 18343 | D:14     | Killed a fire giant
 18352 | D:14     | HP: 5/114 [phantasmal warrior (11)]
 18352 | D:14     | Mangled by a deep troll earth mage

Illustrated notes

Levels and vault maps discovered:
D:1:      amcnicky_arrival_flooded_fountain, layout_loops_ring,
          shapermc_ecumenical_altar_acropolis, serial_glass, glass_columns_a,
          glass_columns_b, glass_columns_a, glass_columns_b, glass_columns_c,
          glass_columns_c, glass_columns_c, glass_columns_b, glass_columns_a,
          glass_columns_c, due_unseen_surprise
D:2:      layout_basic, chequers_big_river, uniq_terence
D:3:      layout_rooms, solitary_fountain
D:4:      layout_loops_ring, minmay_temple_entry_large_hall, minmay_surrounded
D:5:      layout_basic, chequers_serial_rivers_micro_a, uniq_menkaure,
          uniq_sigmund
D:6:      layout_gridville, mainiacjoe_overflow_catwalk, st_stairs_12,
          grunt_ministairs_5, minmay_hollow_rounded_squares
D:7:      layout_rooms, uniq_prince_ribbit1
D:8:      layout_gridville, grunt_temple_overflow_diamond, dpeg_oklobed_lair
D:9:      layout_loops_ring, mainiacjoe_overflow_catch_the_wave,
          kennysheep_mini, minivault_4, minmay_shop_mass,
          hangedman_corner_corridor
D:10:     layout_cave_pools, erik_orc_4, serial_gnoll_camp,
          gnoll_camp_huts_moat, gnoll_camp_mini_basic, gnoll_camp_mini_doghouse,
          gnoll_camp_mini_doghouse, uniq_urug
D:11:     layout_cave_pools, uniq_nergalle
D:12:     layout_basic
D:13:     layout_loops_ring, nicolae_stop_n_shop_2, elyvilon_altar_3,
          uniq_azrael
D:14:     minmay_sliced_demisemicircle, layout_loops_ring,
          hangedman_vaults_entry_quadrant_bands,
          nicolae_ru_the_path_less_chosen, serial_glass, glass_columns_a,
          glass_columns_b, glass_columns_b, glass_columns_a, glass_columns_b,
          glass_columns_a, uniq_louise
Temple:   minmay_freezing_vapour_temple

Skill      XL: |  1  2  3  4  5  6  7  8  9 10 11 12 13 |
---------------+----------------------------------------+-----
Fighting       | 4 5 6 7 8 9 10 | 10.3
Armour         | 4 5 10 14 15 | 15.3
Axes           | 3 |  3.3
Shields        | 4 5 6 7 9 11 12 | 12.0
Dodging        | 1 3 4 5 6 |  6.9
Maces & Flails | 2 3 4 5 7 |  7.2
Stealth        | 1 2 3 |  3.6
Polearms       | 4 5 6 9 10 | 10.4
Invocations    | 1 4 6 7 |  7.5
Throwing       | |  0.6
Evocations     | |  0.3

Action                   |  1- 3 |  4- 6 |  7- 9 | 10-12 | 13-15 || total
-------------------------+-------+-------+-------+-------+-------++-------
Melee: War axe           |    69 |     5 |       |       |       ||    74
       Headbutt          |     7 |    20 |    47 |   236 |    69 ||   379
       Mace              |       |   102 |   130 |       |       ||   232
       Spear             |       |       |   172 |  1084 |   228 ||  1484
Throw: Throwing net      |       |       |       |     9 |       ||     9
       Boomerang         |       |       |       |     5 |       ||     5
Invok: Heroism           |       |       |       |     7 |     1 ||     8
       Finesse           |       |       |       |       |     1 ||     1
Evoke: Wand              |       |       |     4 |    20 |       ||    24
  Use: Potion            |     1 |     2 |     5 |     3 |       ||    11
       Scroll            |       |    10 |     2 |    16 |     1 ||    29
 Stab: Sleeping          |       |     2 |     6 |       |       ||     8
       Held in net/web   |       |       |       |     6 |       ||     6
Armor: Scale mail        |    37 |     4 |    22 |    62 |       ||   125
       Robe              |       |    34 |    53 |       |       ||    87
       Plate armour      |       |       |       |   386 |    56 ||   442
Dodge: Dodged            |    37 |    55 |   126 |   305 |    40 ||   563
       Repelled          |       |       |       |     6 |       ||     6
Block: Buckler           |    27 |    10 |       |       |       ||    37
       Kite shield       |       |    40 |   163 |   541 |    75 ||   819
